 Dungeon Crawl Stone Soup version 0.32-a0-886-g41c5271027 (webtiles) character file.

Game seed: 10553444508743793092

9 Lanoc the Sneak (level 2, 0/24 HPs)
             Began as a Coglin Delver on Apr 2, 2024.
             Succumbed to an adder's poison
             ... on level 5 of the Dungeon.
             The game lasted 00:00:09 (15 turns).

Lanoc the Sneak (Coglin Delver)                       Turns: 15, Time: 00:00:09

Health: 0/24       AC:  3    Str: 12    XL:     2   Next: 12%
Magic:  2/2        EV: 11    Int:  9    God:
Gold:   0          SH:  0    Dex: 15    Spells: 1/1 levels left

rFire   . . .        a - +0 falchion {Aiguo}
rCold   . . .        h - +0 dagger {Teicuih}
rNeg    . . .        b - +0 leather armour
rPois   .            (no helmet)
rElec   .            (no cloak)
rCorr   .            (no gloves)
SInv    .            (no boots)
Will    .....        (amulet unavailable)
Stlth   ++           (ring unavailable)
HPRegen 0.24/turn    (ring unavailable)
MPRegen 0.08/turn    (no gizmo)

%: no passive effects
@: lethally poisoned (0 -> -8), revved
A: off-hand wielding, slow wielding, warmup strikes, no jewellery
a: Invent Gizmo


You were on level 5 of the Dungeon.
You visited 1 branch of the dungeon, and saw 1 of its levels.

Inventory:

Hand Weapons
 a - a +0 falchion (weapon) {Aiguo}
 h - a +0 dagger (offhand) {Teicuih}
Armour
 b - a +0 leather armour (worn)
Wands
 g - a wand of digging (3)
Scrolls
 c - a scroll of fog
 d - a scroll of revelation
 e - a scroll of fear
Potions
 f - a potion of haste


   Skills:
 + Level 3.1 Fighting
 * Level 2.4 Long Blades
 + Level 2.0 Dodging
 - Level 4.1 Stealth


You had one spell level left.
You didn't know any spells.
Your spell library was empty.

Dungeon Overview and Level Annotations

Branches:
Dungeon (5/15)
 Temple: D:4-7

Altars:


Innate Abilities, Weirdness & Mutations

You can wield a second weapon in your off-hand.
It takes a long time for you to wield or remove held weapons.
Your first few attacks do less damage.
You cannot equip rings or amulets.


Message History

Press ? for a list of commands and other information.
Found a stone staircase leading down.
Found a stone staircase leading up.
Found a stone staircase leading down.
An adder comes into view.
Found 2 stones.
Found a stone staircase leading up.
The helpless adder fails to defend itself.
You hit the adder with your +0 falchion.
The adder is lightly wounded.
You closely miss the adder with your +0 dagger.
The adder barely misses you. The adder bites you.
You are poisoned.
The adder poisons you!
You closely miss the adder with your +0 dagger.
The adder is lightly wounded.
You closely miss the adder with your +0 falchion.
You feel sick. The adder bites you.
You completely miss the adder with your +0 falchion.
The adder is lightly wounded.
You hit the adder but do no damage.
You feel sick. The adder bites you.
You are more poisoned.
The adder poisons you! The adder barely misses you.
You hit the adder with your +0 falchion.
The adder is heavily wounded.
You hit the adder with your +0 dagger.
You feel sick. The adder barely misses you.
You miss the adder with your +0 falchion.
The adder is severely wounded.
You hit the adder but do no damage.
You feel sick. The adder bites you.
* * * LOW HITPOINT WARNING * * *
You are more poisoned.
The adder poisons you!
You hit the adder with your +0 falchion.
You kill the adder!
* * * LOW HITPOINT WARNING * * *
You feel very sick.
Your Dodging skill increases to level 2!
You have reached level 2!
You die...

#....... ...... .... #
#............
.##............. .
..<..##......... ....
#...##..........
.....##...#.......(..
.......@.......>.....
##.#.........<.......
....................#
##..................##
###.................#
...................#
.#####...............
#####...........
#...........


There were no monsters in sight!

Vanquished Creatures
  An adder (D:5)
1 creature vanquished.

Notes
Turn   | Place    | Note
-------+----------+-------------------------------------------
     0 | D:5      | Lanoc the Coglin Delver began the quest for the Orb.
     0 | D:5      | Reached XP level 1. HP: 18/18 MP: 1/1
    15 | D:5      | Reached XP level 2. HP: 2/24 MP: 2/2
    15 | D:5      | Succumbed to an adder's poison

Illustrated notes

Levels and vault maps discovered:
D:5:      layout_rooms, nicolae_figureground_pulse, uniq_menkaure, uniq_duvessa

Skill      XL: |  1 |
---------------+----+-----
Dodging        | 2 |  2.0
Fighting       | |  3.1
Long Blades    | |  2.4
Stealth        | |  4.1

Action                     || total
---------------------------++-------
  Melee: Falchion          ||     6
         Dagger            ||     5
   Stab: Sleeping          ||     1
 Armour: Leather armour    ||     4
  Dodge: Dodged            ||     3

Table legend: (Time is in decaauts)
 A = Elapsed time spent in this place.
 B = Non-inter-level travel time spent in this place.
 C = Inter-level travel time spent in this place.
 D = Time resting spent in this place.
 E = Time spent auto-exploring this place.
 F = Levels seen in this place.
 G = Mean time per level.
                   A        B        C        D        E       F      G
               +--------+--------+--------+--------+--------+-----+--------+
         Total |     15 |     15 |      0 |      0 |      0 |   1 |   15.0 |
       Dungeon |     15 |     15 |      0 |      0 |      0 |   1 |   15.0 |
               +--------+--------+--------+--------+--------+-----+--------+

Top non-repeatable levels by time:
     D:5: 15 daAuts
